 Dungeon Crawl Stone Soup version 0.17.1-3-g152610e (webtiles) character file.

974 kaze the Shield-Bearer (level 8, 0/68 HPs)
             Began as a Hill Orc Fighter on Apr 6, 2016.
             Was a Believer of Zin.
             Slain by an orc
             ... wielding a +0 mace
              (8 damage)
             ... on level 5 of the Dungeon.
             The game lasted 00:07:37 (2802 turns).

kaze the Shield-Bearer (Hill Orc Fighter)           Turns: 2802, Time: 00:07:37

Health: 0/68       AC: 10    Str: 26    XL:     8   Next: 16%
Magic:  9/9        EV: 10    Int:  8    God:    Zin [**....]
Gold:   162        SH: 11    Dex: 13    Spells: 0 memorised, 7 levels left

rFire  + . .     SeeInvis .     s - +1 spear (pierce)
rCold  x . .     Clarity  .     b - +0 scale mail
rNeg   . . .     SustAt   .     c - +0 shield
rPois  .         Gourm    .     A - +0 helmet
rElec  .         Spirit   .     (no cloak)
rCorr  .         Warding  .     z - +1 pair of gloves {Dex+3}
rMut   .         Stasis   .     (no boots)
MR     .....                    (no amulet)
Stlth  ..........               (no ring)
                                x - ring of fire

@: mighty, not resistant to hostile enchantments, extremely unstealthy
A: no striking features
a: Recite, Vitalisation, Donate Gold, Renounce Religion


You were on level 5 of the Dungeon.
You worshipped Zin.
Zin was pleased with you.
You were near starving.

You visited 1 branch of the dungeon, and saw 5 of its levels.

You collected 180 gold pieces.
You donated 18 gold pieces to Zin.

Inventory:

Hand Weapons
 a - a +0 war axe
 r - a +1 flail of protection
 s - a +1 spear of piercing (weapon)
Missiles
 h - 12 poisoned needles
 m - 14 steel bolts
 p - 6 sling bullets of flame
 y - 22 arrows
Armour
 b - a +0 scale mail (worn)
 c - a +0 shield (worn)
 z - a +1 pair of gloves of dexterity (worn)
 A - a +0 helmet (worn)
Jewellery
 x - a ring of fire (left hand)
Wands
 e - a wand of disintegration (13)
Scrolls
 f - 4 scrolls of fog
 g - 2 scrolls of remove curse
 j - 5 scrolls of identify
 k - a scroll of blinking
 o - a scroll of enchant weapon {unknown}
Potions
 d - a potion of might
 i - 2 potions of cancellation {unknown}
 n - a potion of resistance {unknown}
 v - a potion of lignification {unknown}
 D - 2 potions of flight {unknown}
 E - a potion of haste {unknown}
Comestibles
 l - 3 meat rations
 u - 2 beef jerkies
 B - 3 bread rations
 C - a slice of pizza


   Skills:
 + Level 5.0 Fighting
 + Level 3.1(4.2) Axes
 + Level 2.1(2.7) Maces & Flails
 + Level 2.5(3.1) Polearms
 + Level 5.0 Armour
 + Level 3.3 Dodging
 - Level 0.1 Stealth
 + Level 6.6 Shields
 + Level 2.0 Invocations


You had 7 spell levels left.
You didn't know any spells.

Dungeon Overview and Level Annotations

Branches:
Dungeon (5/15)
 Temple: D:4-7

Altars:
Zin


Message History

The orc priest is heavily wounded.
The orc priest completely misses you. You block the orc's attack.
Unknown command.
Your shield and scale mail prevent you from hitting the orc priest.
The orc priest is heavily wounded.
The orc priest invokes the aid of Beogh against you.
You struggle to resist.
The orc hits you with a mace.
* * * LOW HITPOINT WARNING * * *
You hit the orc priest.
The orc priest is heavily wounded.
The orc priest barely misses you.
Drink which item? (? for menu, Esc to quit)
You feel very mighty all of a sudden. You block the orc's attack.
The orc priest hits you but does no damage.
You puncture the orc priest!
You kill the orc priest!
Your Fighting skill increases to level 5!
The orc hits you with a mace!
You die...

##########
......o@)#
.#######)#
#.# #####.##
#......# #
#.###..#
#.###.###..#
#..........#
#.......##.#


You could see an orc.

Vanquished Creatures
  Grinder (D:4)
  Eustachio (D:4)
  2 ogres (D:4)
  The ghost of LaChouette the Bolt Thrower, an amateur KoHu of Trog (D:3)
  4 hounds
  An orc priest (D:5)
  An iguana (D:4)
  An orc wizard (D:5)
  2 worker ants (D:5)
  3 adders
  4 gnolls (D:2)
  A worm (D:2)
  A giant gecko (D:3)
  2 orcs
  A ball python (D:2)
  6 bats
  7 giant cockroaches
  3 hobgoblins
  12 jackals
  11 kobolds
  6 goblins
  4 quokkas
  8 rats
83 creatures vanquished.

Vanquished Creatures (others)
  A plant (D:3)
1 creature vanquished.

Grand Total: 84 creatures vanquished

Notes
Turn   | Place    | Note
--------------------------------------------------------------
     0 | D:1      | kaze the Hill Orc Fighter began the quest for the Orb.
     0 | D:1      | Reached XP level 1. HP: 19/19 MP: 1/1
    90 | D:1      | Reached XP level 2. HP: 27/27 MP: 2/2
   359 | D:1      | Reached XP level 3. HP: 33/33 MP: 3/3
   406 | D:1      | Reached skill level 4 in Shields
   576 | D:2      | Reached XP level 4. HP: 7/40 MP: 4/4
   579 | D:2      | HP: 1/40 [gnoll (5)]
   962 | D:2      | Reached skill level 1 in Dodging
  1233 | D:3      | Found a faded altar to an unknown god.
  1255 | D:3      | Became a worshipper of Zin the Law-Giver
  1255 | D:3      | Reached * piety under Zin
  1255 | D:3      | Reached ** piety under Zin
  1288 | D:3      | Noticed LaChouette's ghost (amateur KoHu)
  1305 | D:3      | Killed LaChouette's ghost
  1305 | D:3      | Reached XP level 5. HP: 45/47 MP: 5/5
  1387 | D:3      | Reached skill level 1 in Maces & Flails
  1973 | D:4      | Noticed Grinder
  1994 | D:4      | Paralysed by Grinder for 6 turns
  2002 | D:4      | Killed Grinder
  2002 | D:4      | Reached skill level 5 in Shields
  2002 | D:4      | Reached XP level 6. HP: 38/53 MP: 6/6
  2067 | D:4      | Noticed an ogre
  2076 | D:4      | Reached XP level 7. HP: 28/60 MP: 7/7
  2080 | D:4      | Noticed an ogre
  2085 | D:4      | Killed an ogre
  2085 | D:4      | Reached skill level 1 in Invocations
  2090 | D:4      | Killed an ogre
  2090 | D:4      | Reached skill level 1 in Polearms
  2090 | D:4      | Reached skill level 6 in Shields
  2306 | D:4      | Noticed Eustachio
  2319 | D:4      | Killed Eustachio
  2319 | D:4      | Reached skill level 5 in Armour
  2710 | D:5      | Entered Level 5 of the Dungeon
  2716 | D:5      | Reached XP level 8. HP: 61/67 MP: 9/9
  2802 | D:5      | Reached skill level 5 in Fighting
  2802 | D:5      | Slain by an orc

Action                   |  1- 3 |  4- 6 |  7- 9 || total
-------------------------+-------+-------+-------++-------
Melee: War axe           |    62 |       |       ||    62
       Flail             |    14 |   111 |       ||   125
       Spear             |       |    86 |   135 ||   221
Invok: Recite            |       |       |     1 ||     1
  Use: Scroll            |       |    10 |     2 ||    12
       Potion            |       |     2 |     2 ||     4
  Eat: Bread ration      |       |     1 |       ||     1
       Chunk             |       |       |     1 ||     1
